[Event "Romanian Championship 2024"]
[Site "Eforie Nord"]
[Date "2024.02.27"]
[Round "5.11"]
[White "Vilcu, Matei-Stefan"]
[Black "Secheres, Adrian-Simion"]
[Result "1-0"]
[ECO "C55"]
[WhiteElo "2176"]
[BlackElo "2371"]
[Annotator "TA"]
[PlyCount "113"]
[EventDate "2024.02.24"]
[EventType "swiss"]
[EventCountry "ROU"]
[SourceTitle "playchess.com"]
[Source "ChessBase"]
[SourceQuality "1"]
[TimeControl "40/5400+30:900+30"]

1. e4 e5 2. Nf3 Nc6 3. Bc4 Nf6 4. d3 Be7 5. O-O O-O 6. Re1 d6 7. a4 Na5 8. Ba2 c5 9. c3 Nc6 10. Na3 h6 11. Bd2 Re8 12. h3 Bf8 13. Nc4 Be6 14. b4 cxb4 15. cxb4 Rc8 16. b5 Nb8 17. Ba5 b6 18. Bb4 Qc7 19. Rc1 Qb7 20. Qd2 Rcd8 21. Qb2 Nh5 22. d4 Nf4 23. Qd2 d5 24. Bxf8 (24. Ncxe5 Bxb4 25. Qxb4 dxe4 26. Bxe6 Nxe6 $11) 24... dxc4 25. Nxe5 Nxg2 (25... Rxf8 $16 26. Qxf4 Rxd4) 26. Kxg2 $2 ({White has to play} 26. Bxg7 $1 $18 {[%cal Od2h6] Intending Qxh6! and mate.} Kxg7 (26... Nxe1 27. Qxh6) 27. Kxg2) 26... Bxh3+ $1 $14 27. Kxh3 Rxe5 28. Qe3 (28. Bxc4 Rxe4 29. Rxe4 Qxe4 30. Bxg7 (30. Bb4 Rxd4 31. Qe3 Qh4+ 32. Kg2 Rg4+ 33. Kf3 Rxc4 $11) 30... Qf3+ 31. Kh4 Qe4+ 32. Kh3 (32. Kh5 Qg6+ 33. Kh4 Qxg7 $15) 32... Qf3+ 33. Kh2 Qh5+ 34. Kg3 Kxg7 $11) (28. Bxg7 $5 Qd7+ 29. Kg3 Kxg7 30. Rg1 (30. Bxc4 Qxd4 31. Qf4 Rg5+ 32. Kh3 Qd7+ 33. Kh2 Qe7 $14) (30. Rxc4 Rg5+ 31. Kf3 Qg4+ 32. Ke3 Nd7 $11) 30... Rg5+ 31. Kh2 Qxd4 32. Rxg5+ hxg5 33. Qxg5+ Kf8 34. Qh6+ (34. Bxc4 Qxf2+ 35. Kh3 Qf3+ 36. Kh2 Qf2+ 37. Kh3 Qf3+ 38. Kh2 Qf2+ $11) 34... Ke8 35. Kg1 $16 (35. Bxc4 Qxf2+ 36. Kh1 Qf3+ 37. Kh2 Qf2+ 38. Kh1 Qf3+ 39. Kh2 Qf2+ $11)) 28... Qd7+ (28... Qc8+ $11 29. Kg2 (29. Kh4 $2 Rxd4 30. Rxc4 Qd8+ $19) 29... Rg5+ 30. Kf1 Kxf8) 29. Kg2 $1 $16 (29. Kh4 Rg5 30. Rg1 Rxg1 31. Rxg1 Kxf8 $17) 29... Rg5+ 30. Kf1 Rxf8 31. Ke2 (31. e5 $16) 31... Qe7 (31... Rg4 $1 $11) 32. Bxc4 ({White should try} 32. e5 $16) 32... Nd7 $11 33. Kd1 (33. e5 $11 Re8 34. f4) 33... Nf6 (33... Rd8 $1 $15) 34. f3 Rd8 35. Re2 (35. e5 $11 Nd5 36. Bxd5 Rxd5 37. f4) 35... Qb4 (35... Qd6 {simplifies} 36. Rec2 Qxd4+ 37. Qxd4 Rxd4+ 38. Ke2 Rc5) 36. Rd2 (36. e5 $15 Qxa4+ 37. Ke1 Qb4+ 38. Kf2) 36... Qxa4+ 37. Ke1 Rh5 38. Bf1 Qb4 39. Qc3 Qe7 40. Qc7 (40. Kd1 $17) 40... Qe8 (40... Rd7 $19 41. Qg3 Kh7) 41. Qc6 (41. Kf2 $1 $15) 41... Qf8 $1 $17 42. Qc7 Rh1 43. d5 (43. Kf2 $142) 43... Nd7 $1 $17 44. d6 (44. Kf2 $17) 44... Nc5 ({Better is} 44... f5 $1 $19 45. exf5 (45. Kf2 $2 Kh7 $19) 45... Qf6 46. Qc4+ Kh8) 45. Rc3 {[%emt 0:02:02] [#]} (45. Rcc2 $17) 45... Rd7 $2 (45... Qe8 $1 $19 {[%cal Re8b5] Hoping for ...Qxb5!} 46. Kf2 Rh5) 46. Rxc5 $1 $11 Rxc7 47. Rxc7 Qd8 $2 (47... Kh7 $1 $11 {and Black stays safe.} 48. Rc3 a5) 48. d7 $1 $18 Kh7 {[%emt 0:01:21] [#]} (48... Qxc7 $2 49. d8=Q+ (49. d8=B Qc1+ 50. Ke2 Rh2+ 51. Kd3 Rxd2+ 52. Ke3 g5 53. Be2 Qe1 54. Bxg5 hxg5 55. f4 Qxe2#) 49... Qxd8 50. Rxd8+ Kh7 51. Rd7 $18) 49. Rc8 $1 Qh4+ $2 (49... Qg5 {was worth a try.} 50. d8=Q (50. d8=R Qe3+ 51. Re2 Qxf3 $11) 50... Qe3+ 51. Kd1 (51. Re2 Qxf3 52. Qg8+ Kg6 $18) 51... Qb3+ 52. Ke2 Rh2+ 53. Ke1 Qb1+ 54. Rd1 Qb4+ 55. Qd2 Rxd2 56. Rxd2 Qe7) 50. Ke2 $18 Rh2+ 51. Kd1 Rxd2+ 52. Kxd2 Qf2+ 53. Kc3 Qe1+ 54. Kd4 Qd2+ (54... Qxf1 $142 55. d8=Q (55. d8=R $2 {is the wrong capture.} Qxf3 56. Rh8+ Kg6 $19) 55... Qxf3) 55. Bd3 $18 Qb4+ 56. Kd5 Qb3+ 57. Bc4 1-0

[Event "Romanian Championship 2024"]
[Site "Eforie Nord"]
[Date "2024.02.27"]
[Round "5.12"]
[White "Prisacaru, Stefan-Emilian"]
[Black "Botea, David-Alexandru"]
[Result "1-0"]
[ECO "D05"]
[WhiteElo "2289"]
[BlackElo "2081"]
[Annotator "TA"]
[PlyCount "71"]
[EventDate "2024.02.24"]
[EventType "swiss"]
[EventCountry "ROU"]
[SourceTitle "playchess.com"]
[Source "ChessBase"]
[SourceQuality "1"]
[TimeControl "40/5400+30:900+30"]

1. d4 Nf6 2. Nf3 e6 3. e3 c5 4. c3 Nc6 5. Bd3 d5 6. Nbd2 cxd4 7. exd4 Bd6 8. Qe2 Qc7 9. O-O a6 {[%emt 0:12:00] White has an edge.} 10. Re1 b5 11. Nf1 b4 12. Bd2 Qb6 (12... bxc3 $11 {keeps the balance.} 13. bxc3 O-O) 13. Ng3 Kf8 14. Bg5 Be7 15. Ne5 h6 16. Bxf6 Bxf6 17. Nh5 {[%emt 0:00:13] White has more active pieces. The black rooks are passive.} Nxe5 18. dxe5 Bg5 19. Qf3 {[%emt 0:02:23] Against g6} Bb7 20. cxb4 Qxb4 21. g3 d4 22. Be4 Rb8 23. h4 Bxe4 $2 {[%emt 0:00:54] Loses the game.} (23... Be7 $16 {was called for.}) 24. Rxe4 $18 (24. Qxe4 Be7 $14) 24... Qxb2 (24... Bd8 {might work better.} 25. Rd1 Qb7 26. Rdxd4 Be7) 25. Rd1 Qc3 26. Qxc3 (26. Rd3 $142 Qc1+ 27. Rd1) 26... dxc3 27. hxg5 hxg5 28. g4 {[%emt 0:00:03] [#] Strongly threatening Rc4.} c2 $2 (28... Ke7 29. Rc1 (29. Nxg7 c2 $16) 29... Rhc8) 29. Rc1 Rb1 30. Ree1 Rb2 31. Re2 Rxa2 (31... g6 {was worth a try.}) 32. Rexc2 {[%emt 0:00:05] White is clearly winning.} Rxc2 33. Rxc2 {[%emt 0:00:01] [#] Threatening mate with Rc8+.} Rh6 34. Rc8+ Ke7 35. Nxg7 f6 36. Rc7+ {[%emt 0:00:24] Weighted Error Value: White=0.22 (precise) /Black=0.56.  Loses game:     	---       	Black=1      Mistake:       	White=1     	Black=4      Inaccurate:     	White=2     	Black=4      OK:         	White=11    	Black=5      Best:        	White=3     	---} 1-0

[Event "Romanian Championship 2024"]
[Site "Eforie Nord"]
[Date "2024.02.27"]
[Round "5.13"]
[White "Bonte, Andrei-Mihai"]
[Black "Negrean, Andrei"]
[Result "1-0"]
[ECO "A05"]
[WhiteElo "2266"]
[BlackElo "1990"]
[Annotator "TA"]
[PlyCount "91"]
[EventDate "2024.02.24"]
[EventType "swiss"]
[EventCountry "ROU"]
[SourceTitle "playchess.com"]
[Source "ChessBase"]
[SourceQuality "1"]
[TimeControl "40/5400+30:900+30"]

1. Nf3 Nf6 2. b3 d5 3. Bb2 e6 4. g3 Be7 5. Bg2 O-O 6. O-O b6 7. d3 Bb7 8. Nbd2 c5 9. e3 Nbd7 10. Qe2 Qc7 11. e4 d4 {[%emt 0:07:47] The position is equal.} 12. c4 (12. Rfc1 $14) 12... dxc3 (12... e5 $15) 13. Bxc3 $11 Rfd8 14. Nc4 Rac8 15. Rfd1 Qb8 16. a4 h6 17. Nfd2 Qa8 (17... Qc7 $14) 18. a5 {[%emt 0:13:21] White is more active.} (18. f4 $16) 18... Qb8 19. a6 Ba8 20. f4 Ne8 21. e5 Nc7 22. Ne4 Nb5 {[%emt 0:00:32] [#] Prevents Ncd6. Strongly threatening ...Bxe4.} 23. Bb2 Nf8 (23... Nd4 $11 24. Bxd4 Bxe4) 24. h4 ({White should play} 24. Nf6+ $1 $14 Kh8 (24... gxf6 $2 25. exf6 Bd6 26. Ne5 $18) 25. Ne4) 24... Nd4 (24... Rc7 $5) 25. Bxd4 Rxd4 26. Ned6 Bxd6 27. Nxd6 Rd8 28. Ra4 $1 {[%emt 0:01:51] Threatens to win with Rxd4.} Ng6 $2 {[%emt 0:03:32][%mdl 8192] A mistake that costs the game.} ({Black should try} 28... R4xd6 $14 29. exd6 b5 (29... Rxd6 30. d4 $16)) 29. Rxd4 $18 cxd4 30. Rc1 Ne7 31. Bxa8 Qxa8 32. Rc7 Nf5 (32... Nd5 $142) 33. Nxf5 (33. Rxf7 Nxd6 (33... Nxg3 $2 34. Qg2 $18) 34. Rc7 Nf5 $17) 33... exf5 34. Qg2 Qxg2+ 35. Kxg2 {[%emt 0:00:01][%mdl 4096] Endgame. KR-KR} Rd5 (35... Ra8 $142 36. h5 g6 37. hxg6 fxg6) 36. b4 Rb5 37. Rxa7 Rxb4 38. Rb7 Rb2+ 39. Kf3 Ra2 40. a7 Kh7 41. Rxf7 {[%emt 0:00:19][%cal Oh4h5] White wants to mate with h5!} (41. Rxb6 Rxa7 42. Rd6 Ra4 $18) 41... Ra3 42. e6 {[%emt 0:01:46][%cal Be5e6,Be6e7][%mdl 32] Intending e7! and mate.} Kg6 {[%emt 0:01:11] [#]} 43. h5+ $1 {[%emt 0:00:12][%mdl 512] White mates.} Kxh5 (43... Kh7 44. Rb7) 44. e7 g5 45. fxg5 hxg5 46. Rh7+ {[%emt 0:00:09] Weighted Error Value: White=0.21 (precise) /Black=0.52.  Loses game:     	---       	Black=1      Mistake:       	White=3     	Black=5      Inaccurate:     	White=1     	Black=2      OK:         	White=11    	Black=6      Best:        	White=4     	Black=2      Strong:       	White=1     	---} (46. e8=Q $142 Rxd3+ 47. Ke2 Kg4 48. Kxd3 (48. a8=B Rc3 49. Rh7 Rxg3) (48. a8=Q Rc3) 48... Kxg3 49. Rxf5 (49. a8=B g4 50. Qe5+ Kh4 51. Rxf5 g3 52. Qxd4+ Kh3 53. Rh5#) (49. a8=Q Kh2 50. Qe2+ Kg3 51. Qeg2+ Kh4 52. Qh8#) 49... Kh4 50. a8=Q (50. a8=B Kg4 51. Rf3 Kh4 52. Qh8+ Kg4 53. Qh3#) 50... Kg4 51. Qf3+ Kh4 52. Qh8#) 1-0

[Event "Romanian Championship 2024"]
[Site "Eforie Nord"]
[Date "2024.02.27"]
[Round "5.14"]
[White "Armenciu, Bogdan-Ovidiu"]
[Black "Radu, David Cr."]
[Result "0-1"]
[ECO "C50"]
[WhiteElo "1936"]
[BlackElo "2142"]
[Annotator "RC"]
[PlyCount "80"]
[EventDate "2024.02.24"]
[EventType "swiss"]
[EventCountry "ROU"]
[SourceTitle "playchess.com"]
[Source "ChessBase"]
[SourceQuality "1"]
[TimeControl "40/5400+30:900+30"]

1. e4 e5 2. Nf3 Nc6 3. Bc4 d6 4. d4 Bg4 5. d5 Nd4 6. c3 Nxf3+ 7. gxf3 Bd7 8. a4 Nf6 9. a5 a6 10. Be3 Nh5 11. Nd2 Be7 12. Rg1 O-O 13. f4 Nxf4 14. Bxf4 exf4 15. Qf3 Bf6 16. Qxf4 Be5 17. Qe3 f5 18. O-O-O fxe4 19. Rg2 Qh4 20. Rdg1 Kh8 21. Kc2 Rf4 22. f3 exf3 23. Nxf3 Rxf3 24. Qxf3 Qxc4 25. b3 Qf4 26. Qxf4 Bxf4 27. Rxg7 Bf5+ 28. Kb2 Be3 29. R1g3 Bf2 30. R3g5 Bh4 31. Rg1 Rc8 32. Rf7 Bg6 33. Rf4 Be7 34. Re1 Bg5 35. Rg4 Bf6 36. Rb4 c6 37. Rxb7 cxd5 38. Rc1 d4 39. Rb6 dxc3+ 40. Ka3 Bg5 0-1

[Event "Romanian Championship 2024"]
[Site "Eforie Nord"]
[Date "2024.02.27"]
[Round "5.15"]
[White "Mintau, Andrei-Catalin"]
[Black "David, Alexandru-Vasile"]
[Result "0-1"]
[ECO "B33"]
[WhiteElo "2039"]
[BlackElo "2360"]
[Annotator "TA"]
[PlyCount "88"]
[EventDate "2024.02.24"]
[EventType "swiss"]
[EventCountry "ROU"]
[SourceTitle "playchess.com"]
[Source "ChessBase"]
[SourceQuality "1"]
[TimeControl "40/5400+30:900+30"]

1. e4 c5 2. Nf3 Nc6 3. d4 cxd4 4. Nxd4 Nf6 5. Nc3 e5 6. Ndb5 d6 7. Bg5 a6 8. Na3 b5 9. Nd5 Be7 10. Bxf6 Bxf6 11. c4 b4 12. Nc2 O-O 13. g3 Be6 {[%emt 0:00:11] Die Stellung ist ausgeglichen.} 14. h4 (14. Ncxb4 Nxb4 15. Nxb4 Qb6 $19) 14... a5 15. Qd2 Rb8 16. Nce3 a4 17. O-O-O (17. Be2 $11 {war vorzuziehen.}) 17... Rb7 (17... b3 $15 18. a3 g6) 18. Bd3 Nd4 19. f4 a3 (19... exf4 $11 20. gxf4 b3 (20... Bxh4 $2 21. Qh2 $18)) 20. b3 $14 exf4 21. gxf4 Nc6 (21... Bxh4 $2 22. Qh2 $18) 22. Kb1 Bd4 23. Rh2 Ne7 24. Bc2 Nxd5 25. exd5 $2 {[%emt 0:01:17] [#] Ein Fehler, der zur Niederlage führt.} (25. Nxd5 $11 {und Weiss muss sich keine Sorgen machen.} Bc5 26. h5) 25... Bxe3 $1 $19 (25... Bc3 $2 26. Qd3 g6 27. dxe6 $18) 26. Qxe3 Bg4 {[%emt 0:00:20][%cal Od8f6] ...Qf6! wäre nun fies.} 27. Re1 Qf6 28. Bd3 h5 $40 {[%emt 0:00:42][%mdl 128] Weiss ist in Schwierigkeiten.} 29. c5 dxc5 30. Qe5 Rb6 31. Rc2 (31. Bc4 {war nötig.}) 31... Qxh4 32. Rxc5 Rf6 33. Rf1 Bh3 34. Rh1 (34. Rg1 {ist wohl besser.}) 34... Qg3 (34... Rxf4 35. Rc4 Rxc4 36. bxc4) 35. Be4 Rxf4 {[%emt 0:02:12] ( -> ...Rf1+)} (35... Qxf4 $2 36. Qxf4 Rxf4 37. Rxh3 Rxe4 38. Rxh5 $19) 36. Qxh5 (36. Rcc1 $142 Bg4 37. Rhf1) 36... Rxe4 37. Rxh3 Re1+ 38. Rc1 Rxc1+ {Schwarz setzt Matt.} 39. Kxc1 {[%emt 0:00:01] KQR-KQR} Qe1+ 40. Kc2 Rc8+ 41. Kd3 Rc3+ 42. Kd4 Qd2+ 43. Ke5 Rxh3 (43... Qxa2 44. Qh8#) 44. Qxh3 {[%emt 0:00:07] [#]} Qc3+ $1 {[%emt 0:00:02] Gewichteter Fehlerwert: Weiß=0.60/Schwarz=0.16 (sehr präzise) .  Verlustzug:     	Weiß=1     	---        Fehler:       	Weiß=4     	Schwarz=2     Ungenau:       	Weiß=3     	---        OK:         	Weiß=6     	Schwarz=9     Bester:       	Weiß=4     	Schwarz=2     Stark:        	---       	Schwarz=1} ({Minderwertig wäre} 44... Qxa2 45. Qc8+ Kh7 46. Qh3+ (46. Qf5+ g6 $11) 46... Kg6 47. Qg4+ Kh6 (47... Kh7 48. Qh4+ Kg6 49. Qg4+ Kh7 50. Qh3+ Kg8 51. Qc8+ Kh7 52. Qh3+ $11) 48. Qh3+ Kg5 49. Qg3+ (49. Qf5+ $2 Kh4 $19) 49... Kh5 50. Qh3+ Kg6 51. Qg4+ Kh7 52. Qh4+ Kg6 53. Qg4+ $11) 0-1

[Event "Romanian Championship 2024"]
[Site "Eforie Nord"]
[Date "2024.02.27"]
[Round "5.16"]
[White "Ciorgovean, Iustin"]
[Black "Vedmediuc, Artiom"]
[Result "1/2-1/2"]
[ECO "A07"]
[WhiteElo "2310"]
[BlackElo "2034"]
[Annotator "TA"]
[PlyCount "43"]
[EventDate "2024.02.24"]
[EventType "swiss"]
[EventCountry "ROU"]
[SourceTitle "playchess.com"]
[Source "ChessBase"]
[SourceQuality "1"]
[TimeControl "40/5400+30:900+30"]

1. Nf3 d5 2. g3 Nf6 3. Bg2 c6 4. O-O Bg4 5. h3 Bxf3 6. Bxf3 e5 7. d3 Bc5 8. Nd2 O-O 9. e4 Nbd7 10. Qe2 Re8 11. Bg2 Qc7 12. Nf3 Rad8 13. Nh2 Qb6 14. h4 dxe4 15. dxe4 a5 16. c3 {[%emt 0:00:00] Die Stellung ist ausgeglichen.} Be7 17. Rd1 Nc5 18. Be3 Rxd1+ 19. Rxd1 Rd8 20. b3 Qc7 21. Rxd8+ Qxd8 22. Bxc5 {[%emt 0:00:00] Ein ziemlich ruhiges Remis.   Gewichteter Fehlerwert: Weiß=0.04 (makellos) /Schwarz=0.05 (makellos) .  Ungenau:       	---       	Schwarz=1     OK:         	Weiß=6     	Schwarz=5} 1/2-1/2

[Event "Romanian Championship 2024"]
[Site "Eforie Nord"]
[Date "2024.02.27"]
[Round "5.17"]
[White "Samu, Sorin-Mihai"]
[Black "Daianu, Cristian-Clement"]
[Result "1/2-1/2"]
[ECO "B20"]
[WhiteElo "2004"]
[BlackElo "2201"]
[Annotator "RC"]
[PlyCount "200"]
[EventDate "2024.02.24"]
[EventType "swiss"]
[EventCountry "ROU"]
[SourceTitle "playchess.com"]
[Source "ChessBase"]
[SourceQuality "1"]
[TimeControl "40/5400+30:900+30"]

1. e4 c5 2. g3 Nc6 3. Bg2 g6 4. Ne2 Bg7 5. c3 e5 6. Na3 Nge7 7. O-O O-O 8. d3 d5 9. Bg5 Be6 10. Qc1 Qd7 11. Bh6 Bh3 12. Bxg7 Kxg7 13. Qe3 Bxg2 14. Kxg2 d4 15. cxd4 Nxd4 16. Nxd4 cxd4 17. Qg5 Nc6 18. Nc4 h6 19. Qd2 f5 20. f3 b5 21. Na5 Rac8 22. Nb3 Nd8 23. exf5 Qxf5 24. Rae1 Rc7 25. Re4 Ne6 26. Qe2 Rfc8 27. Rf2 Rc2 28. Qxc2 Rxc2 29. Rxc2 Ng5 30. Rc7+ Kf8 31. Nd2 Qh3+ 32. Kg1 Nxe4 33. Nxe4 Qe6 34. b3 Qa6 35. Rc2 b4 36. Nc5 Qc6 37. Kf2 Ke7 38. Rc4 h5 39. h4 Qc8 40. Kg2 Qc6 41. Kf2 Qc8 42. Kg2 Qc6 43. Ne4 Qa6 44. Nf2 Qxa2 45. Rxb4 a5 46. Ra4 Qd2 47. Rc4 Qa2 48. Rc5 Kd6 49. Rb5 Ke6 50. Rb6+ Kf7 51. Ra6 Kg7 52. b4 a4 53. b5 Qb2 54. Rxa4 Qxb5 55. Ra7+ Kf8 56. Ra2 Ke7 57. Re2 Kd6 58. Re4 Qb7 59. g4 Qf7 60. Kg3 Qg7 61. g5 Kd5 62. Nh3 Qd7 63. Nf2 Qc7 64. f4 exf4+ 65. Rxf4 Kc5 66. Kf3 Qb7+ 67. Ne4+ Kb4 68. Rf6 Qd7 69. Nf2 Kc3 70. Ke2 Kc2 71. Kf1 Qe8 72. Kg2 Qa8+ 73. Kg3 Qb8+ 74. Rf4 Kc3 75. Kf3 Qb7+ 76. Re4 Qf7+ 77. Ke2 Qa2+ 78. Kf1 Qf7 79. Kg2 Qb7 80. Kg1 Qb1+ 81. Kh2 Qb8+ 82. Kh3 Qc8+ 83. Kg3 Qc7+ 84. Rf4 Kd2 85. Kf3 Qb7+ 86. Re4 Qf7+ 87. Kg2 Qb7 88. Kf3 Qf7+ 89. Rf4 Qb7+ 90. Kg3 Qc7 91. Kf3 Qb7+ 92. Re4 Qf7+ 93. Kg3 Qc7+ 94. Kh3 Qc8+ 95. Kh2 Qc7+ 96. Kg1 Qc1+ 97. Kg2 Qc6 98. Kf3 Qb7 99. Kg2 Qc6 100. Kg1 Qc1+ 1/2-1/2

[Event "Romanian Championship 2024"]
[Site "Eforie Nord"]
[Date "2024.02.27"]
[Round "5.18"]
[White "Voiteanu, Gabriel"]
[Black "Andronescu, Madalin"]
[Result "1-0"]
[ECO "E73"]
[WhiteElo "2151"]
[BlackElo "2007"]
[Annotator "RC"]
[PlyCount "57"]
[EventDate "2024.02.24"]
[EventType "swiss"]
[EventCountry "ROU"]
[SourceTitle "playchess.com"]
[Source "ChessBase"]
[SourceQuality "1"]
[TimeControl "40/5400+30:900+30"]

1. d4 Nf6 2. c4 g6 3. Nc3 Bg7 4. e4 d6 5. Be2 O-O 6. Be3 e5 7. d5 Na6 8. g4 Nc5 9. f3 h5 10. b4 Na6 11. a3 hxg4 12. Bg5 Qd7 13. fxg4 Nxg4 14. h3 Nf6 15. h4 Ng4 16. Nh3 f5 17. Rg1 Qf7 18. Qd2 fxe4 19. Nxe4 Nh2 20. Nhf2 Nf3+ 21. Bxf3 Qxf3 22. Rg3 Qh5 23. Qe2 Qxe2+ 24. Kxe2 Rf7 25. h5 gxh5 26. Rh1 Kf8 27. Rxh5 Bf5 28. Bh4 Rb8 29. Ng5 1-0

[Event "Romanian Championship 2024"]
[Site "Eforie Nord"]
[Date "2024.02.27"]
[Round "5.19"]
[White "Coicev, Matei-Andrei"]
[Black "Dodoi, Matei-Teodor"]
[Result "1/2-1/2"]
[ECO "A34"]
[WhiteElo "2122"]
[BlackElo "1947"]
[Annotator "RC"]
[PlyCount "130"]
[EventDate "2024.02.24"]
[EventType "swiss"]
[EventCountry "ROU"]
[SourceTitle "playchess.com"]
[Source "ChessBase"]
[SourceQuality "1"]
[TimeControl "40/5400+30:900+30"]

1. c4 Nf6 2. Nc3 d5 3. cxd5 Nxd5 4. g3 g6 5. Bg2 Nxc3 6. bxc3 Bg7 7. Nf3 O-O 8. O-O c5 9. Rb1 Nc6 10. Qc2 Qc7 11. d3 Bd7 12. Be3 b6 13. Nd2 Rac8 14. Nc4 Rfd8 15. a4 Be6 16. Na3 Qd7 17. Rfd1 Bd5 18. Bxd5 Qxd5 19. Nc4 Ne5 20. Nxe5 Qxe5 21. Rdc1 Rc6 22. a5 Qc7 23. axb6 Rxb6 24. Rxb6 axb6 25. Qa4 Qd7 26. Qb3 Qc6 27. Rb1 Rb8 28. c4 Be5 29. Qa3 h5 30. Qa7 h4 31. Qxe7 h3 32. f3 Re8 33. Rxb6 Qa4 34. Qg5 Bd4 35. Rxg6+ fxg6 36. Qxg6+ Kf8 37. Qf5+ Ke7 38. Bxd4 cxd4 39. Qe5+ Kd7 40. Qxd4+ Kc7 41. Kf2 Qc6 42. e4 Ra8 43. Qg7+ Qd7 44. Qxd7+ Kxd7 45. g4 Ra3 46. d4 Ra4 47. Kg3 Rxc4 48. Kxh3 Rxd4 49. Kg3 Ke6 50. Kf4 Kf6 51. h4 Kg6 52. h5+ Kh6 53. Kf5 Rd8 54. f4 Rf8+ 55. Ke5 Re8+ 56. Kd5 Rf8 57. f5 Kg5 58. Kd6 Kxg4 59. Ke7 Ra8 60. f6 Kxh5 61. f7 Kg6 62. f8=N+ Rxf8 63. Kxf8 Kf6 64. Ke8 Ke5 65. Ke7 Kxe4 1/2-1/2

[Event "Romanian Championship 2024"]
[Site "Eforie Nord"]
[Date "2024.02.27"]
[Round "5.20"]
[White "Melinte, Rares-Andrei"]
[Black "Ciocani, Iosif"]
[Result "1/2-1/2"]
[ECO "E04"]
[WhiteElo "1989"]
[BlackElo "2063"]
[Annotator "NA RC"]
[PlyCount "65"]
[EventDate "2024.02.24"]
[EventType "swiss"]
[EventCountry "ROU"]
[SourceTitle "playchess.com"]
[Source "ChessBase"]
[SourceQuality "1"]
[TimeControl "40/5400+30:900+30"]

1. d4 Nf6 2. c4 e6 3. g3 d5 4. Nf3 dxc4 5. Bg2 c6 6. Ne5 Bb4+ 7. Bd2 Be7 8. e3 b5 9. a4 b4 10. O-O Nd5 11. Qc2 O-O 12. Rd1 Ba6 13. Nxc4 Nd7 14. e4 N5f6 15. Bf4 Nh5 16. Be3 Rc8 17. Ne5 Bb7 18. Nd2 c5 19. Qb3 cxd4 20. Bxd4 Nxe5 21. Bxe5 Ba6 22. Qf3 Qa5 23. Bd4 Nf6 24. Nb3 Qc7 25. Rac1 Qb8 26. Nc5 Bxc5 27. Bxc5 Rfd8 28. Be7 Rxd1+ 29. Qxd1 Rxc1 30. Qxc1 Qe8 31. Bxb4 Qxa4 32. Qe1 Bb7 33. f3 1/2-1/2

[Event "Romanian Championship 2024"]
[Site "Eforie Nord"]
[Date "2024.02.27"]
[Round "5.21"]
[White "Sava, Robert-Gabriel"]
[Black "Corbu, George-Alexandru"]
[Result "1-0"]
[ECO "A50"]
[WhiteElo "2053"]
[BlackElo "1902"]
[Annotator "NA RC"]
[PlyCount "53"]
[EventDate "2024.02.24"]
[EventType "swiss"]
[EventCountry "ROU"]
[SourceTitle "playchess.com"]
[Source "ChessBase"]
[SourceQuality "1"]
[TimeControl "40/5400+30:900+30"]

1. d4 Nf6 2. c4 e6 3. g4 d5 4. g5 Ne4 5. Bg2 Bb4+ 6. Kf1 Be7 7. h4 f6 8. Nc3 Nxc3 9. bxc3 c6 10. Nh3 Nd7 11. Nf4 Nb6 12. gxf6 Bxf6 13. e4 Qd7 14. e5 Bd8 15. Bh3 Qf7 16. Qg4 O-O 17. Rg1 Nxc4 18. Rg2 g6 19. Kg1 b5 20. h5 Qf5 21. Qg3 Qe4 22. hxg6 h6 23. g7 Rf7 24. f3 Qh7 25. Nxe6 Ba5 26. Qh4 Bd7 27. Nf8 1-0

[Event "Romanian Championship 2024"]
[Site "Eforie Nord"]
[Date "2024.02.27"]
[Round "5.22"]
[White "Buzbuchi, Ionut"]
[Black "Cruceru-Uceanu, Tudor-Mihai"]
[Result "1/2-1/2"]
[ECO "D02"]
[WhiteElo "2039"]
[BlackElo "1894"]
[Annotator "NA RC"]
[PlyCount "59"]
[EventDate "2024.02.24"]
[EventType "swiss"]
[EventCountry "ROU"]
[SourceTitle "playchess.com"]
[Source "ChessBase"]
[SourceQuality "1"]
[TimeControl "40/5400+30:900+30"]

1. Nf3 d5 2. d4 Nf6 3. Bf4 e6 4. e3 Be7 5. h3 c5 6. c3 Bd6 7. Ne5 Qc7 8. Nd2 Nbd7 9. Ndf3 c4 10. Be2 O-O 11. O-O Ne4 12. Nxd7 Bxd7 13. Bxd6 Qxd6 14. Qc2 b5 15. Nd2 Nxd2 16. Qxd2 a5 17. a3 Rab8 18. Bd1 Rb6 19. Bc2 Rfb8 20. e4 dxe4 21. Bxe4 Bc6 22. Qc2 h6 23. Rfe1 b4 24. cxb4 axb4 25. Qxc4 Bxe4 26. Rxe4 bxa3 27. bxa3 Rb1+ 28. Re1 Rxe1+ 29. Rxe1 Qxa3 30. d5 1/2-1/2

[Event "Romanian Championship 2024"]
[Site "Eforie Nord"]
[Date "2024.02.27"]
[Round "5.23"]
[White "Danila, Tudor-Gabriel"]
[Black "Nastore, Pavel-Alexandru"]
[Result "0-1"]
[ECO "B22"]
[WhiteElo "1901"]
[BlackElo "2182"]
[Annotator "RC"]
[PlyCount "64"]
[EventDate "2024.02.24"]
[EventType "swiss"]
[EventCountry "ROU"]
[SourceTitle "playchess.com"]
[Source "ChessBase"]
[SourceQuality "1"]
[TimeControl "40/5400+30:900+30"]

1. e4 c5 2. c3 Nf6 3. e5 Nd5 4. d4 cxd4 5. Nf3 Nc6 6. cxd4 d6 7. Bc4 Nb6 8. Bb3 dxe5 9. d5 Na5 10. Nc3 f6 11. O-O Nxb3 12. Qxb3 e6 13. Rd1 exd5 14. Nxd5 Be6 15. Nc7+ Qxc7 16. Qxe6+ Be7 17. Be3 Qc4 18. Qh3 O-O 19. Rac1 Rfd8 20. Re1 Qd5 21. Bxb6 axb6 22. Qg4 Qd7 23. Qc4+ Kh8 24. a3 Rac8 25. Qe4 Rxc1 26. Rxc1 Qd5 27. Qxd5 Rxd5 28. Kf1 Bd8 29. Ke2 Kg8 30. b4 Kf7 31. Nd2 f5 32. f3 Rxd2+ 0-1

[Event "Romanian Championship 2024"]
[Site "Eforie Nord"]
[Date "2024.02.28"]
[Round "6.1"]
[White "Parligras, Mircea-Emilian"]
[Black "Lupulescu, Constantin"]
[Result "1/2-1/2"]
[ECO "D35"]
[WhiteElo "2539"]
[BlackElo "2589"]
[Annotator "TA"]
[PlyCount "42"]
[EventDate "2024.02.24"]
[EventType "swiss"]
[EventCountry "ROU"]
[SourceTitle "playchess.com"]
[Source "ChessBase"]
[SourceQuality "1"]
[TimeControl "40/5400+30:900+30"]

1. d4 Nf6 2. c4 e6 3. Nf3 d5 4. Nc3 c6 5. cxd5 exd5 6. Bf4 Bd6 7. Bxd6 Qxd6 8. Qb3 O-O 9. e3 Re8 10. Bd3 Nbd7 11. O-O Ne4 12. Bxe4 dxe4 13. Nd2 Nf6 14. h3 {[%emt 0:00:57] Wards off Ng4} Qe7 15. Qa3 Qxa3 16. bxa3 b6 17. Rfc1 Ba6 18. a4 Rac8 {[%emt 0:00:21] [#]} 19. a5 $1 c5 20. Nb3 cxd4 21. Nxd4 bxa5 {[%emt 0:00:33] An uneventful encounter.   Weighted Error Value: White=0.05 (flawless) /Black=0.03 (flawless) .  OK:         	White=6     	Black=5} 1/2-1/2